 Dungeon Crawl Stone Soup version 0.29-a0-468-ge57f7f99b4 (webtiles) character file.

Game seed: 3336127200678750885

112 holysushi the Cutter (level 4, -5/31 HPs)
             Began as an Octopode Monk on May 21, 2022.
             Slain by an iguana (13 damage)
             ... on level 4 of the Dungeon.
             The game lasted 00:02:00 (3015 turns).

holysushi the Cutter (Octopode Monk)                Turns: 3015, Time: 00:02:00

Health: -5/31      AC:  1    Str: 10    XL:     4   Next: 95%
Magic:  4/4        EV: 14    Int: 12    God:
Gold:   181        SH:  0    Dex: 16    Spells: 3/3 levels left

rFire   + . .      SeeInvis .   a - +0 short sword
rCold   . . .      Faith    .   (no shield)
rNeg    . . .      Spirit   .   (helmet restricted)
rPois   .          Reflect  .   (no amulet)
rElec   .          Harm     .   e - ring of protection from fire
rCorr   .          Rampage  .   n - ring of wizardry
Will    .....                   (no ring)
Stlth   +++.......              (no ring)
HPRegen 0.10/turn               (no ring)
MPRegen 0.09/turn               (no ring)
                                (no ring)
                                (no ring)

@: no status effects
A: almost no armour, amphibious, 8 rings, camouflage 1, gelatinous body 1,
(nimble swimmer 1), tentacles
a: no special abilities


You were on level 4 of the Dungeon.
You visited 1 branch of the dungeon, and saw 4 of its levels.

You collected 181 gold pieces.

Inventory:

Hand Weapons
 a - a +0 short sword (weapon)
Jewellery
 e - a ring of protection from fire (left tentacle)
 n - a ring of wizardry (right tentacle)
Wands
 o - a wand of mindburst (11)
Scrolls
 c - a scroll of amnesia {unknown}
 d - 2 scrolls of enchant armour {unknown}
 f - 2 scrolls of blinking {unknown}
 g - 2 scrolls of teleportation {unknown}
 i - 2 scrolls of fog {unknown}
 k - a scroll of magic mapping {unknown}
 l - a scroll of summoning {unknown}
 m - a scroll of identify {unknown}
Potions
 b - a potion of ambrosia
 h - 3 potions of curing {unknown}
 j - 2 potions of degeneration {unknown}


   Skills:
 - Level 3.0 Fighting
 + Level 5.4 Short Blades
 - Level 3.0 Dodging
 - Level 2.6 Stealth


You had 3 spell levels left.
You didn't know any spells.
Your spell library contained the following spells:

 Spells                   Type           Power      Damage    Failure   Level
 Call Canine Familiar     Summ           0%         N/A       36%         3
 Portal Projectile        Hex/Tloc       0%         N/A       36%         3
 Tukima's Dance           Hex            0%         N/A       36%         3
 Leda's Liquefaction      Hex/Erth       0%         N/A       75%         4
 Passage of Golubria      Tloc           0%         N/A       75%         4
 Yara's Violent Unravell  Hex/Tmut       0%         3d3       97%         5


Dungeon Overview and Level Annotations

Branches:
Dungeon (3/15)

Altars:

Annotations:
D:1 exclusion: downstairs


Innate Abilities, Weirdness & Mutations

You cannot wear most types of armour.
You are amphibious.
You can wear up to eight rings at the same time.
Your skin changes colour to match your surroundings (Stealth+).
Your rubbery body absorbs attacks. (AC +1, EV +1)
((You are camouflaged when in or above water. (Stealth+)))
You have tentacles for arms and can constrict up to eight enemies at once.


Message History

Okay, then.
The iguana hisses angrily.
The hobgoblin shouts!
Things that are here:
a +0 dagger; 2 stones; a kobold corpse
Things that are here:
a +0 dagger; a goblin corpse You swing at nothing.
You swing at nothing.
You swing at nothing.
You swing at nothing.
You hit the iguana but do no damage. Your grab misses the iguana.
You squeeze the iguana.
The iguana is lightly wounded.
You hit the iguana. Your grab misses the iguana. You squeeze the iguana!
The iguana is severely wounded.
The iguana bites you!
You barely miss the iguana. You grab the iguana.
You squeeze the iguana, but do no damage.
The iguana is severely wounded.
You constrict the iguana, but do no damage.
The iguana bites you!
You hit the iguana but do no damage.
The iguana is severely wounded.
You constrict the iguana, but do no damage.
The iguana closely misses you. The hobgoblin barely misses you.
You hit the iguana but do no damage.
The iguana is severely wounded.
You constrict the iguana, but do no damage.
The hobgoblin hits you but does no damage.
The iguana bites you!
* * * LOW HITPOINT WARNING * * *
You closely miss the hobgoblin. You grab the hobgoblin.
You constrict the iguana. You constrict the hobgoblin. You hit the hobgoblin.
You squeeze the hobgoblin.
You kill the hobgoblin!
You constrict the iguana. The iguana closely misses you.
You hit the iguana but do no damage.
The iguana is almost dead.
You constrict the iguana. The iguana bites you!
You die...

### #.# ######.##
#...#...#
#####..l@..##
#..#..###..#
#....#...#..#
###...#...#...#
##..g.)........#
###..............#
#...#..l.##.......
##..#........#..#..
##.)#.##.####..#


You could see an iguana.

Vanquished Creatures
  3 gnolls
  An adder (D:3)
  A worm (D:2)
  2 dart slugs (D:1)
  4 orcs (D:3)
  4 endoplasms
  2 giant cockroaches
  6 goblins
  4 hobgoblins
  2 jackals (D:1)
  6 kobolds
  A quokka (D:2)
  5 ball pythons
  7 bats
  4 frilled lizards (D:1)
  15 rats
67 creatures vanquished.

Notes
Turn   | Place    | Note
-------+----------+-------------------------------------------
     0 | D:1      | holysushi the Octopode Monk began the quest for the Orb.
     0 | D:1      | Reached XP level 1. HP: 16/16 MP: 1/1
    25 | D:1      | Reached XP level 2. HP: 14/21 MP: 2/2
   478 | D:1      | Reached skill level 4 in Short Blades
   589 | D:1      | Reached XP level 3. HP: 26/26 MP: 3/3
  1984 | D:2      | Reached XP level 4. HP: 12/31 MP: 4/4
  2097 | D:2      | Reached skill level 5 in Short Blades
  2974 | D:3      | You fall into a shaft and drop 1 floor!
  3015 | D:4      | Slain by an iguana

Illustrated notes

Levels and vault maps discovered:
D:1:      amcnicky_arrival_blooded_trapdoor, layout_basic,
          grunt_decor_mini_mirrors, grunt_decor_junction,
          chequers_serial_rivers_room_b
D:2:      minmay_angry_zag, layout_basic, amethyst_killhole,
          minmay_rat_gold_closets
D:3:      layout_basic, marbit_many_paths, basic_ecumenical_altar,
          dreamdust_mushroom_princess, pf_guarded_unrand_delatra
D:4:      layout_cave_pools, minmay_temple_entry_mist, uniq_eustachio

Skill      XL: |  1  2  3  4 |
---------------+-------------+-----
Short Blades   | 4 5 |  5.4
Fighting       | |  3.0
Dodging        | |  3.0
Stealth        | |  2.6

Action                   |  1- 3 |  4- 6 || total
-------------------------+-------+-------++-------
Melee: Short sword       |    89 |    45 ||   134
       Constrict         |    18 |     9 ||    27
       Tentacles         |    18 |    11 ||    29
 Stab: Sleeping          |    12 |    15 ||    27
Armor: Skin              |     5 |     2 ||     7
Dodge: Dodged            |    54 |    14 ||    68

Table legend: (Time is in decaauts)
 A = Elapsed time spent in this place.
 B = Non-inter-level travel time spent in this place.
 C = Inter-level travel time spent in this place.
 D = Time resting spent in this place.
 E = Time spent auto-exploring this place.
 F = Levels seen in this place.
 G = Mean time per level.
                   A        B        C        D        E       F      G
               +--------+--------+--------+--------+--------+-----+--------+
         Total |   2998 |   2915 |     83 |    682 |   1769 |   4 |  749.5 |
       Dungeon |   2998 |   2915 |     83 |    682 |   1769 |   4 |  749.5 |
               +--------+--------+--------+--------+--------+-----+--------+

Top non-repeatable levels by time:
     D:1: 1775 daAuts
     D:2: 955 daAuts
     D:3: 229 daAuts
     D:4: 37 daAuts
